 Dungeon Crawl Stone Soup version 0.30.0-17-ge0270778cf (webtiles) character file.

Game seed: 951855010892509465

21828 MacCMillion the Severer (level 12, -16/101 (106) HPs)
             Began as a Minotaur Fighter on May 22, 2023.
             Was an Elder of Ru.
             Demolished by Rupert
             ... wielding a +2 great mace of protection
              (42 damage)
             ... on level 3 of the Lair of Beasts.
             The game lasted 00:37:26 (16538 turns).

MacCMillion the Severer (Minotaur Fighter)         Turns: 16538, Time: 00:37:27

HP:   -16/101 (106) AC: 28    Str: 25    XL:     12   Next: 57%
MP:   11/11         EV: 15    Int:  5    God:    Ru [****..]
Gold: 980           SH:  7    Dex: 14    Spells: 11/11 levels left

rFire   . . .        s - +0 broad axe (protect)
rCold   . . .        M - +2 buckler
rNeg    . . .        u - +0 plate armour
rPois   +            (helmet restricted)
rElec   .            L - +1 cloak {rPois}
rCorr   .            j - +1 pair of gloves {Dex+3}
SInv    +            q - +0 pair of boots
Will    .....        (no amulet) Stlth
                     o - ring of see invisible
HPRegen 0.36/turn    r - +5 ring of evasion
MPRegen 0.12/turn

%: no passive effects
@: mighty, exhausted, under a protective aura, lightly drained
A: horns 2, no stealth, inability to use devices, no air magic, no hexes magic,
no translocations magic, retaliatory headbutt
a: Renounce Religion, Draw Out Power, Power Leap


You were on level 3 of the Lair of Beasts.
You worshipped Ru.
Ru was greatly pleased with you.
You visited 2 branches of the dungeon, and saw 14 of its levels.
You also visited: Bailey.

You collected 980 gold pieces.

Inventory:

Hand Weapons
 a - a +0 war axe
 k - a +2 hand axe of electrocution
 s - a +0 broad axe of protection (weapon)
 D - a +1 hand axe of flaming
Missiles
 c - 4 curare-tipped darts
 v - 3 boomerangs of dispersal
 B - 3 boomerangs (quivered)
 J - 7 poisoned darts
Armour
 j - a +1 pair of gloves of dexterity (worn)
 q - a +0 pair of boots (worn)
 u - a +0 plate armour (worn)
 L - a +1 cloak of poison resistance (worn)
 M - a +2 buckler (worn)
Jewellery
 b - a ring of wizardry
 o - a ring of see invisible (left hand)
 r - a +5 ring of evasion (right hand)
 I - a ring of flight
Scrolls
 e - 2 scrolls of immolation
 f - 5 scrolls of teleportation
 h - 3 scrolls of amnesia
 i - a scroll of magic mapping
 l - 4 scrolls of vulnerability
 m - 3 scrolls of silence
 n - a scroll of torment
 p - 2 scrolls of poison
 w - 3 scrolls of enchant weapon {unknown}
 x - 3 scrolls of noise
 y - 3 scrolls of fear {unknown}
 E - 2 scrolls of summoning {unknown}
 H - 2 scrolls of identify
 N - 3 scrolls of fog {unknown}
Potions
 d - 3 potions of might
 g - 4 potions of haste
 t - 5 potions of berserk rage
 z - 2 potions of brilliance
 A - 2 potions of mutation
 C - 2 potions of resistance
 F - 2 potions of heal wounds
 G - 2 potions of curing
 K - 2 potions of attraction
 O - a potion of flight {unknown}


   Skills:
 - Level 10.0 Fighting
 * Level 16.3 Axes
 + Level 7.8 Throwing
 + Level 11.7 Armour
 - Level 8.0 Dodging
 - Level 4.0 Shields


You had 11 spell levels left.
You didn't know any spells.
Your spell library contained the following spells:

 Spells                   Type           Power      Damage    Failure   Level
 Kiss of Death            Conj/Necr      0%         2d5       99%         1
 Stone Arrow              Conj/Erth      0%         3d7       100%        3
 Vampiric Draining        Necr           0%         2d6       100%        3
 Animate Armour           Summ/Erth      0%         N/A       100%        4
 Dispel Undead            Necr           0%         3d6       100%        4
 Summon Ice Beast         Ice/Summ       0%         N/A       100%        4
 Monstrous Menagerie      Summ           0%         N/A       100%        7
 Lehudib's Crystal Spear  Conj/Erth      0%         10d2      100%        8
 Slow                     Hex            Unusable   N/A       N/A         1
 Confusing Touch          Hex            Unusable   N/A       N/A         3
 Summon Lightning Spire   Summ/Air       Unusable   N/A       N/A         4
 Summon Mana Viper        Hex/Summ       Unusable   N/A       N/A         5
 Storm Form               Tmut/Air       Unusable   N/A       N/A         7
 Maxwell's Capacitive Co  Air            Unusable   ∞         N/A         8

Dungeon Overview and Level Annotations

Branches:
Dungeon (11/15)            Temple (0/1) D:5            Lair (3/5) D:9
  Snake (0/4) Lair:3          Orc (0/2) D:10         Bailey (visited)
  Swamp: Lair:2-3    Shoals: Lair:2-3

Altars:
Dithmenos
Fedhas
Nemelex Xobeh
Okawaru
Ru
Sif Muna
Trog
Vehumet
Xom
Yredelemnul

Shops:
D:4 !   D:5 *   D:10 :

Annotations:
D:3 Sigmund
D:11 exclusion: oklob sapling
Lair:3 Fannar, Rupert


Innate Abilities, Weirdness & Mutations

You have a pair of horns on your head.
You cannot be stealthy.
You cannot study or use magical devices.
You cannot study or cast Air magic.
You cannot study or cast Hexes magic.
You cannot study or cast Translocations magic.
You reflexively headbutt those who attack you in melee.


Message History

Rupert is moderately wounded.
Rupert completely misses you.
You slash Rupert! You headbutt Rupert!
Rupert is moderately wounded.
Rupert completely misses you.
You hit Rupert but do no damage. You headbutt Rupert, but do no damage.
Rupert is moderately wounded.
Rupert hits you with a +2 great mace of protection!
You slice Rupert!! Your headbutt misses Rupert.
Rupert is heavily wounded.
Rupert hits you with a +2 great mace of protection!
Okay, then.
You slice Rupert!! Your headbutt misses Rupert.
Rupert is heavily wounded.
Rupert completely misses you. You furiously retaliate!
You headbutt Rupert!! You slash Rupert!
Rupert is severely wounded.
Rupert closely misses you. You furiously retaliate!
You headbutt Rupert! Rupert completely misses you.
You hit Rupert but do no damage.
Rupert is almost dead.
Rupert closely misses you. You furiously retaliate!
You headbutt Rupert! You slash Rupert! You headbutt Rupert!
Rupert is almost dead.
Rupert hits you with a +2 great mace of protection!!
You are restored by drawing out deep reserves of power within.
You feel drained.
Rupert hits you with a +2 great mace of protection!! x2
* * * LOW HITPOINT WARNING * * *
Unknown command.
You hit Rupert.
Rupert is almost dead.
Rupert is stunned by your conviction and fails to attack.
You hit Rupert but do no damage.
Rupert is almost dead.
Rupert misses you.
You hit Rupert.
Rupert is almost dead.
Rupert hits you with a +2 great mace of protection!!!
You die...

.... ## .# ... .. ....
. . #... .. #..## ...
.. #..# ##... .##.
..####......... .....
##.#.........#..
......##........#......
......÷..@@...#.#......
..>../##...##..........
.......####............
..............#........
... ..$......#.........
.. ..#PP....#.#.......
# ###.............#
#...............
#...............#


You could see Rupert (berserk).

Vanquished Creatures
  2 two-headed ogres
  A skyshark (Lair:2)
  A manticore (D:11)
  Joseph (Lair:1)
  A guardian serpent (Lair:3)
  Maurice (D:11)
  4 cane toads
  7 komodo dragons
  4 trolls
  Grinder (D:5)
  12 blink frogs
  5 spriggans
  A vampire (D:8)
  3 shadows
  7 wyverns
  14 yaks
  A wraith (D:11)
  A basilisk (D:9)
  3 steam dragons
  4 vampire mosquitoes (D:11)
  Menkaure (D:5)
  3 water moccasins (Lair:2)
  An orc warrior (D:10)
  A sky beast (D:6)
  2 ice beasts (D:7)
  A black bear (Lair:2)
  5 ogres
  3 centaurs
  17 wolves
  2 phantoms
  4 bullfrogs
  A gnoll sergeant (D:10)
  A scorpion (D:6)
  9 wights
  15 killer bees
  9 howler monkeys
  An electric eel (D:9)
  3 jellies
  7 orc priests
  Crazy Yiuf (D:7)
  A gnoll bouda (D:4)
  9 hounds
  Terence (D:2)
  An iguana (D:6)
  7 orc wizards
  Ijyb (D:5)
  9 adders
  8 gnolls
  2 ufetubi (D:6)
  3 worms
  4 dart slugs
  59 orcs
  10 ball pythons
  5 endoplasms
  3 giant cockroaches
  9 goblins
  4 hobgoblins
  4 jackals (D:4)
  5 quokkas
  5 bats
  8 kobolds
  5 rats
324 creatures vanquished.

Vanquished Creatures (others)
  Erica (Lair:1)
  A komodo dragon (Lair:1)
  A polar bear (Lair:2)
  A yak (Lair:2)
  A water moccasin (D:11)
5 creatures vanquished.

Grand Total: 329 creatures vanquished

Notes
Turn   | Place    | Note
-------+----------+-------------------------------------------
     0 | D:1      | MacCMillion the Minotaur Fighter began the quest for the
                  | Orb.
     0 | D:1      | Reached XP level 1. HP: 19/19 MP: 0/0
   291 | D:1      | Reached XP level 2. HP: 20/26 MP: 1/1
   293 | D:1      | Reached skill level 3 in Axes
  1330 | D:2      | Reached skill level 4 in Axes
  1330 | D:2      | Reached XP level 3. HP: 15/31 MP: 2/2
  1673 | D:2      | Noticed Terence
  1689 | D:2      | Killed Terence
  1690 | D:2      | Reached skill level 5 in Axes
  1690 | D:2      | Reached XP level 4. HP: 25/39 MP: 3/3
  2280 | D:3      | Noticed Sigmund
  2830 | D:3      | Reached skill level 6 in Axes
  3041 | D:3      | Reached XP level 5. HP: 43/45 MP: 4/4
  3094 | D:3      | Found a sacrificial altar of Ru.
  3226 | D:3      | Became a worshipper of Ru the Awakened
  3345 | D:3      | Reached skill level 7 in Axes
  3371 | D:4      | Reached XP level 6. HP: 26/51 MP: 5/5
  3827 | D:4      | Found Iremp's Distillery.
  4015 | D:4      | Found a basalt altar of Yredelemnul.
  4019 | D:4      | Identified the +2 leather armour "Zanessan" {rF+ Will+
                  | Slay+3}
  4061 | D:4      | You fall into a shaft and drop 3 floors!
  4078 | D:7      | Identified a scroll of acquirement
  4079 | D:7      | Acquired a +1 pair of gloves of dexterity
  4090 | D:7      | Noticed a steam dragon
  4106 | D:7      | Killed a steam dragon
  4107 | D:7      | Reached skill level 8 in Axes
  4184 | D:7      | Noticed an ice beast
  4189 | D:7      | Killed an ice beast
  4190 | D:7      | Reached skill level 9 in Axes
  4190 | D:7      | Reached XP level 7. HP: 57/57 MP: 6/6
  4384 | D:7      | Noticed a wyvern
  4390 | D:7      | Killed a wyvern
  4391 | D:7      | Reached skill level 10 in Axes
  5033 | D:7      | Noticed a wyvern
  5046 | D:7      | Killed a wyvern
  5047 | D:7      | Reached skill level 1 in Dodging
  5144 | D:7      | Reached XP level 8. HP: 62/67 MP: 7/7
  5153 | D:7      | Reached skill level 5 in Fighting
  5170 | D:7      | Found a runed translucent door.
  5170 | D:7      | Noticed Crazy Yiuf
  5388 | D:5      | Entered Level 5 of the Dungeon
  5973 | D:5      | Reached skill level 11 in Axes
  5984 | D:5      | Found Cizedacw's General Store.
  6012 | D:5      | Noticed Ijyb
  6017 | D:5      | Killed Ijyb
  6143 | D:5      | Found a staircase to the Ecumenical Temple.
  6170 | D:5      | Noticed Menkaure
  6178 | D:5      | Killed Menkaure
  6228 | D:5      | Noticed Grinder
  6248 | D:5      | Killed Grinder
  6380 | D:5      | Found a shimmering blue altar of Sif Muna.
  6409 | D:5      | Found a sparkling altar of Nemelex Xobeh.
  6418 | D:5      | Reached XP level 9. HP: 78/78 MP: 8/8
  6605 | D:6      | Reached skill level 5 in Dodging
  7111 | D:7      | Reached skill level 12 in Axes
  7506 | D:8      | Gained mutation: You cannot study or use magical devices.
                  | [Ru sacrifice]
  7506 | D:8      | Reached * piety under Ru
  7506 | D:8      | Reached ** piety under Ru
  8340 | D:9      | Found a flagged portal.
  8362 | Bailey   | Entered a bailey
  8432 | Bailey   | Reached XP level 10. HP: 64/91 MP: 9/9
  8676 | Bailey   | Noticed a two-headed ogre
  8684 | Bailey   | Killed a two-headed ogre
  8685 | Bailey   | Reached skill level 13 in Axes
  8917 | D:9      | Reached skill level 1 in Throwing
  9226 | D:9      | Reached skill level 10 in Fighting
  9437 | D:9      | Found a staircase to the Lair.
  9998 | D:9      | Reached skill level 5 in Armour
 10073 | D:9      | Found a shimmering altar of Xom.
 10080 | D:9      | Found a blossoming altar of Fedhas.
 10084 | D:9      | Found a bloodstained altar of Trog.
 10334 | D:9      | Found a radiant altar of Vehumet.
 10591 | D:10     | Entered Level 10 of the Dungeon
 10598 | D:10     | Found Bucauvoc's Self-Improvement Boutique.
 10604 | D:10     | Gained mutation: You cannot study or cast Air magic. [Ru
                  | sacrifice]
 10604 | D:10     | Gained mutation: You cannot study or cast Hexes magic. [Ru
                  | sacrifice]
 10604 | D:10     | Gained mutation: You cannot study or cast Translocations
                  | magic. [Ru sacrifice]
 10604 | D:10     | Reached *** piety under Ru
 10953 | D:10     | Found a staircase to the Orcish Mines.
 11077 | D:7      | Killed Crazy Yiuf
 11163 | D:10     | Reached skill level 14 in Axes
 11313 | D:10     | Reached XP level 11. HP: 89/99 MP: 10/10
 11410 | D:10     | Found a shadowy altar of Dithmenos.
 11419 | D:10     | Found an iron altar of Okawaru.
 11830 | D:10     | Found Bucauvoc's Self-Improvement Boutique.
 11944 | D:10     | Found a staircase to the Orcish Mines.
 12187 | D:10     | Found a shadowy altar of Dithmenos.
 12196 | D:10     | Found an iron altar of Okawaru.
 12791 | D:11     | Noticed a two-headed ogre
 12802 | D:11     | Killed a two-headed ogre
 12803 | D:11     | Reached skill level 5 in Throwing
 13124 | D:11     | Noticed Maurice
 13144 | D:11     | Killed Maurice
 13713 | Lair:1   | Entered Level 1 of the Lair of Beasts
 13732 | Lair:1   | Noticed Joseph
 13744 | Lair:1   | Killed Joseph
 13745 | Lair:1   | Reached skill level 15 in Axes
 14150 | Lair:1   | Gained mutation: You cannot be stealthy. [Ru sacrifice]
 14150 | Lair:1   | Reached **** piety under Ru
 14151 | Lair:1   | Noticed Erica
 14158 | Lair:1   | Killed Erica
 14315 | Lair:1   | Acquired 358 gold pieces
 14367 | Lair:1   | Reached skill level 10 in Armour
 14367 | Lair:1   | Reached XP level 12. HP: 100/106 MP: 11/11
 15065 | Lair:2   | Reached skill level 16 in Axes
 16187 | Lair:3   | Found a staircase to the Snake Pit.
 16217 | Lair:3   | Noticed Rupert
 16229 | Lair:3   | Paralysed by Rupert for 4 turns
 16238 | Lair:3   | Noticed Fannar
 16520 | Lair:3   | Paralysed by Rupert for 3 turns
 16538 | Lair:3   | Demolished by Rupert

Illustrated notes

Levels and vault maps discovered:
D:1:      dpeg_arrival_more_subterranean_lakeside_camping, layout_basic,
          minmay_misc_feat_tower
D:2:      layout_basic, minmay_misc_feat_x, serial_park_tiny_pond, uniq_terence
D:3:      layout_loops_ring, nicolae_ru_the_path_less_chosen,
          minmay_misc_feat_columns, uniq_sigmund
D:4:      layout_loops_cross, mainiacjoe_overflow_catwalk, serial_shops,
          nicolae_take_the_stairs
D:5:      layout_cave_pools, general_overflow_altar, nemelex_dance_club_becter,
          minmay_temple_entry_slanted, serial_shops, shop, uniq_ijyb,
          uniq_grinder, uniq_menkaure
D:6:      layout_basic
D:7:      layout_basic, uniq_crazy_yiuf_cottage
D:8:      layout_cave_pools
D:9:      layout_loops_cross, minitemple, nicolae_vehumet_radiance,
          erik_lair_island, enter_bailey_5
D:10:     layout_rooms, mainiacjoe_overflow_swirl, hiddenorc1_lemuel,
          nicolae_shop_self_help
D:11:     layout_roguey, introduction_to_nature_2, uniq_maurice
Lair:1:   layout_cave_pods, grunt_megastairs_5, lemuel_fruit_tree, uniq_erica,
          uniq_joseph
Lair:2:   layout_cave_pods, serial_bayou_pond_c, forest_entry_grove
Lair:3:   layout_gridlike, nicolae_swamp_entry_splash_gauntlet,
          minmay_snake_entry_spellcaster, kilobyte_rumbling_trees,
          grunt_megastairs_4, uniq_fannar, uniq_rupert

Skill      XL: |  1  2  3  4  5  6  7  8  9 10 11 12 |
---------------+-------------------------------------+-----
Shields        | 4 |  4.0
Axes           | 4 5 6 7 9 10 11 12 14 15 16 | 16.3
Fighting       | 4 6 9 10 | 10.0
Dodging        | 2 4 7 8 |  8.0
Throwing       | 4 5 7 |  7.8
Armour         | 6 10 11 | 11.7

Action                     |  1- 3 |  4- 6 |  7- 9 | 10-12 || total
---------------------------+-------+-------+-------+-------++-------
  Melee: War axe           |    57 |     3 |       |       ||    60
         Headbutt          |     8 |    13 |    43 |   128 ||   192
         Hand axe          |       |    89 |   251 |   532 ||   872
         Broad axe         |       |       |       |    94 ||    94
  Throw: Boomerang         |       |       |       |    26 ||    26
 Invoke: Reject Sacrifices |       |       |     1 |     1 ||     2
         Sacrifice Artific |       |       |     1 |       ||     1
         Sacrifice Arcana  |       |       |       |     1 ||     1
         Power Leap        |       |       |       |     1 ||     1
         Sacrifice Stealth |       |       |       |     1 ||     1
         Draw Out Power    |       |       |       |     1 ||     1
    Use: Scroll            |       |     5 |     8 |    10 ||    23
         Potion            |       |       |     2 |     1 ||     3
   Stab: Invisible         |       |       |     1 |       ||     1
         Distracted        |       |       |       |     3 ||     3
         Petrified         |       |       |       |     1 ||     1
 Armour: Scale mail        |    26 |    35 |     2 |       ||    63
         Steam dragon scal |       |       |     5 |       ||     5
         Chain mail        |       |       |    43 |       ||    43
         Plate armour      |       |       |    12 |   140 ||   152
  Dodge: Dodged            |    34 |    40 |   109 |   240 ||   423
  Block: Buckler           |    12 |    15 |    40 |   113 ||   180
